 Dungeon Crawl Stone Soup version 0.28-a0-511-gcc94558de3 (webtiles) character file.

Game seed: 6311016965319440901

268 bande the Covered (level 6, -7/38 HPs)
             Began as a Gargoyle Fighter on Sept 22, 2021.
             Was an Initiate of Okawaru.
             Mangled by Duvessa (11 damage)
             ... on level 4 of the Dungeon.
             The game lasted 00:04:49 (3321 turns).

bande the Covered (Gargoyle Fighter)                Turns: 3321, Time: 00:04:50

Health: -7/38      AC: 14    Str: 21    XL:     6   Next: 21%
Magic:  6/6        EV:  7    Int:  8    God:    Okawaru [......]
Gold:   167        SH:  5    Dex: 10    Spells: 5/5 levels left

rFire   . . .      SeeInvis .   a - +0 war axe (vamp)
rCold   . . .      Faith    .   c - +1 buckler
rNeg    + . .      Spirit   .   f - +0 chain mail
rPois   ∞          Reflect  .   (no helmet)
rElec   +          Harm     .   (no cloak)
rCorr   .          Rampage  .   (no gloves)
Will    .....                   (no boots)
Stlth   ..........              (no amulet)
HPRegen 0.12/turn               (no ring)
MPRegen 0.10/turn               (no ring)

@: no status effects
A: sickness immunity, AC +4, negative energy resistance 1, electricity
resistance, torment resistance 1, petrification resistance
a: Renounce Religion


You were on level 4 of the Dungeon.
You worshipped Okawaru.
Okawaru was noncommittal.
You visited 2 branches of the dungeon, and saw 5 of its levels.

You collected 167 gold pieces.

Inventory:

Hand Weapons
 a - a +0 vampiric war axe (weapon)
Armour
 c - a +1 buckler (worn)
 f - a +0 chain mail (worn)
Wands
 i - a wand of iceblast (8)
Scrolls
 g - 2 scrolls of blinking
 j - a scroll of identify {unknown}
Potions
 b - 2 potions of flight {unknown}
 d - 2 potions of might
 e - 2 potions of resistance {unknown}
 h - a potion of ambrosia {unknown}
 k - a potion of heal wounds {unknown}


   Skills:
 + Level 4.0 Fighting
 + Level 4.1 Axes
 + Level 4.5 Armour
 - Level 0.3 Stealth
 + Level 4.1 Shields
 * Level 0.4 Invocations


You had 5 spell levels left.
You didn't know any spells.
Your spell library contained the following spells:

 Spells                   Type           Power      Damage    Failure   Level
 Wereblood                Tmut           0%         N/A       99%         2
 Sublimation of Blood     Necr           Unusable   N/A       N/A         2
 Summon Hydra             Summ           Unusable   N/A       N/A         7

Dungeon Overview and Level Annotations

Branches:
Dungeon (4/15)             Temple (1/1) D:4

Altars:
Cheibriados
Dithmenos
Hepliaklqana
Kikubaaqudgha
Okawaru
Sif Muna
Trog
Uskayaw
Xom
Zin

Annotations:
D:4 Dowan, Duvessa


Innate Abilities, Weirdness & Mutations

You are immune to sickness and miasma.
Your stone body is resilient. (AC +4)
You are immune to poison.
You resist negative energy. (rN+)
You are resistant to electric shocks. (rElec)
You are resistant to unholy torment.
You are immune to petrification.


Message History

You hear a shout!
Dowan is nearby!
Duvessa, Sister of Dowan comes into view.
She is wielding a +1 short sword of venom.
Found 27 bolts and an agate ring.
Duvessa shouts!
Duvessa says, "When magic and the sword combine, nothing stands against them."
Duvessa drinks a potion.
Duvessa seems to grow stronger.
Dowan casts a spell at you.
The puff of flame hits you but does no damage.
Unknown command.
Duvessa is engulfed in a cloud of scalding steam.
Dowan casts a spell at Duvessa.
Duvessa seems to speed up.
Duvessa says, "When magic and the sword combine, nothing stands against them."
Duvessa barely misses you.
You barely miss Duvessa.
Duvessa is lightly wounded.
Duvessa barely misses you. Duvessa hits you but does no damage.
Your chain mail prevents you from hitting Duvessa.
Duvessa is lightly wounded.
Duvessa hits you but does no damage.
Duvessa hits you with a +1 short sword of venom!
You slash Duvessa!
Duvessa is heavily wounded.
You block Duvessa's attack. Duvessa barely misses you.
You closely miss Duvessa.
Duvessa is heavily wounded.
Duvessa hits you with a +1 short sword of venom!
Duvessa hits you with a +1 short sword of venom.
* * * LOW HITPOINT WARNING * * *
You closely miss Duvessa.
Duvessa is heavily wounded.
You are no longer glowing.
Duvessa hits you with a +1 short sword of venom!
* * * LOW HITPOINT WARNING * * *
Duvessa barely misses you.
You barely miss Duvessa.
Duvessa is heavily wounded.
Duvessa hits you with a +1 short sword of venom!
You die...

#..........##..#.....#
#..........#*#.#.....#
#.........## #.......#
#......##.# ##......#
##........# #.†....#
#.#.##########.##.###
#...............#.#
###.#########.#.#.# #.#
#.#@..# #.#
#.##e.############## #.#
###.##e>..............
#.#**####.........############
#..,,...................######
**
##***###....≈≈≈≈≈≈≈≈≈.#.......
,* #....≈§.§§...≈.#....... ,*
#......≈§≈≈≈.≈.##...... ,*
*****#.#..≈.≈...≈(≈.##......


You could see Duvessa (fast, strong) and Dowan.

Vanquished Creatures
  A necrophage (D:4)
  An iguana (D:1)
  Ijyb (D:4)
  A hound skeleton (D:4)
  A gnoll (D:3)
  3 adders
  An ufetubus (D:4)
  An adder zombie (D:3)
  2 worms
  2 dart slugs
  2 orcs (D:3)
  4 ball pythons
  7 bats
  4 endoplasms
  2 giant cockroaches (D:1)
  6 goblins
  6 hobgoblins
  4 jackals (D:1)
  6 kobolds
  5 frilled lizards
  3 rats
63 creatures vanquished.

Notes
Turn   | Place    | Note
-------+----------+-------------------------------------------
     0 | D:1      | bande the Gargoyle Fighter began the quest for the Orb.
     0 | D:1      | Reached XP level 1. HP: 14/14 MP: 1/1
   238 | D:1      | Reached XP level 2. HP: 15/19 MP: 2/2
   581 | D:1      | Reached XP level 3. HP: 11/23 MP: 3/3
  1671 | D:2      | Reached XP level 4. HP: 29/29 MP: 4/4
  1889 | D:2      | Found a faded altar of an unknown god.
  2761 | D:4      | Reached XP level 5. HP: 33/33 MP: 5/5
  2803 | D:4      | Noticed a necrophage
  2813 | D:4      | Killed a necrophage
  2881 | D:4      | Found a staircase to the Ecumenical Temple.
  2891 | Temple   | Entered the Ecumenical Temple
  2901 | Temple   | Became a worshipper of Warmaster Okawaru
  3142 | D:4      | Reached XP level 6. HP: 38/38 MP: 6/6
  3151 | D:4      | Noticed Ijyb
  3171 | D:4      | Killed Ijyb
  3304 | D:4      | Found a shimmering blue altar of Sif Muna.
  3304 | D:4      | Noticed Dowan
  3305 | D:4      | Noticed Duvessa
  3321 | D:4      | Mangled by Duvessa

Illustrated notes

Levels and vault maps discovered:
D:1:      dpeg_arrival_simpleton_a, layout_basic
D:2:      layout_rooms, hellmonk_ecumenical_altar_arch_garden, minmay_tromino_v2
D:3:      minmay_chambers_of_twos, layout_basic
D:4:      layout_basic, mainiacjoe_overflow_concentric_impassable,
          minmay_temple_entry_tees, uniq_ijyb, uniq_duvessa
Temple:   grunt_wide_crystal_templ

Skill      XL: |  1  2  3  4  5 |
---------------+----------------+-----
Axes           | 2 3 4 |  4.1
Armour         | 4 |  4.5
Shields        | 4 |  4.1
Fighting       | 4 |  4.0
Stealth        | |  0.3
Invocations    | |  0.4

Action                   |  1- 3 |  4- 6 || total
-------------------------+-------+-------++-------
Melee: War axe           |    68 |   146 ||   214
  Use: Scroll            |     4 |     3 ||     7
Armor: Scale mail        |    42 |       ||    42
       Chain mail        |       |   112 ||   112
Dodge: Dodged            |    44 |    71 ||   115
Block: Buckler           |    24 |    44 ||    68

Table legend: (Time is in decaauts)
 A = Elapsed time spent in this place.
 B = Non-inter-level travel time spent in this place.
 C = Inter-level travel time spent in this place.
 D = Time resting spent in this place.
 E = Time spent auto-exploring this place.
 F = Levels seen in this place.
 G = Mean time per level.
                   A        B        C        D        E       F      G
               +--------+--------+--------+--------+--------+-----+--------+
         Total |   3398 |   3355 |     43 |    841 |   1891 |   5 |  679.6 |
       Dungeon |   3376 |   3333 |     43 |    841 |   1891 |   4 |  844.0 |
        Temple |     21 |     21 |      0 |      0 |      0 |   1 |   21.0 |
               +--------+--------+--------+--------+--------+-----+--------+

Top non-repeatable levels by time:
     D:1: 1519 daAuts
     D:4: 660 daAuts
     D:3: 658 daAuts
     D:2: 538 daAuts
  Temple: 21 daAuts
